[Event "NJSK 2018 Jeugd C"]
[Site "Assen, Netherlands"]
[Date "2018.04.29"]
[Round "1.1"]
[White "Bleeker, Kasper"]
[Black "Van Foreest, Machteld"]
[Result "0-1"]
[TimeControl "40/90m+30sec/move"]
[WhiteElo "1737"]
[BlackElo "2132"]

1. e4 e5 2. Nf3 Nc6 3. d4 exd4 4.
Nxd4 Nf6 5. Nxc6 bxc6 6. e5 Qe7 7. Qe2 Nd5 8. c4 Ba6 9. b3 g6 10. Bb2 Bg7 11. g3 O-O 12. Bg2 Rfe8 13. O-O Bxe5 14. Bxe5 Qxe5 15. Qxe5 Rxe5 16.
cxd5 Bxf1 17. Kxf1 cxd5 18. Nc3 c6 19. Rd1 Rae8 20. Bf3 f5 21. Kg2 Re1 22. Rd4 Rc1 23. Nd1 Kf7 24. Ra4 Ra8 25.
Ne3 Ke6 26. h4 Ke5 27. Nd1 Rc2 28. Ne3 Rd2 29. Kf1 Rd4 30. Ra6 f4 31. Ng4+ Kd6 32. Kg2 h5 33. Nf6 fxg3 34. Kxg3 Kc7 35.
Be2 d6 36. Bf1 Kb7 37. Ra4 Rxa4 38. bxa4 d4 39. Kf4 Rf8 40. Kg5 c5 41. Bc4 Kc6 42. Kxg6 Rd8 43. Bb5+ Kb7 44. Kxh5 d5 45.
Kg5 c4 46. a5 d3 47. h5 a6 48. Ba4 c3 49. Nd7 Rxd7 50. Bxd7 c2 51. f4 d2 52. Bg4 c1=Q 53. h6 Qg1 54. Kf5 Qxg4+ 55. Kxg4 d1=Q+ 0-1

[Event "NJSK 2018 Jeugd C"]
[Site "Assen, Netherlands"]
[Date "2018.04.29"]
[Round "1.2"]
[White "Elgersma, Onno"]
[Black "Yeh, Timo"]
[Result "1-0"]
[TimeControl "40/90m+30sec/move"]
[WhiteElo "2060"]
[BlackElo "1729"]

1. e4 e5 2. Nf3 Nc6 3. Bc4 Nf6 4. d3 Bc5 5. c3 d6 6. Bb3 h6 7. h3 Be6 8. Bc2 d5 9. Qe2 O-O 10.
Nbd2 a6 11. Nf1 d4 12. g4 Nh7 13. Rg1 Be7 14. Rh1 Bg5 15. Nxg5 hxg5 16. Qf3 Ne7 17. cxd4 Qxd4 18. h4 gxh4 19.
Rxh4 Ng6 20. Rh1 Qb4+ 21. Nd2 Nf4 22. a3 Qe7 23. Qg3 Qg5 24. Nf3 Qxg4 25. Qxg4 Bxg4 26. Nxe5 Nxd3+ 27. Bxd3 Be6 28.
Be3 Rfd8 29. Bc2 Nf6 30. Rd1 Bg4 31. Rxd8+ Rxd8 32. Bg5 Be6 33. Rg1 Kf8 34. Ke2 Re8 35. Bxf6 gxf6 36. Nf3 Bc4+ 37.
Ke3 f5 38. Kf4 fxe4 39. Bxe4 b6 40. Ne5 Bb5 41. Nxf7 Rxe4+ 42. Kxe4 Kxf7 43. Ke5 Bc4 44. f4 b5 45. f5 a5 46.
f6 c6 47. Rg7+ Kf8 48. Rc7 Bd5 49. Kf5 b4 50. axb4 axb4 51. Ke5 b3 52. Rb7 Bc4 53. f7 Bxf7 54. Kf6 Bh5 55. Rb8+ Be8 56.
Rc8 c5 57. Rb8 c4 58. Rc8 c3 59. bxc3 b2 60. Rb8 1-0

[Event "NJSK 2018 Jeugd C"]
[Site "Assen, Netherlands"]
[Date "2018.04.29"]
[Round "1.3"]
[White "Brandsma, Romayn"]
[Black "Pham, Khoi"]
[Result "0-1"]
[TimeControl "40/90m+30sec/move"]
[WhiteElo "1715"]
[BlackElo "1983"]

1. e4 c5 2. Nc3 Nc6 3. f4 g6 4. Nf3 Bg7 5. Bc4 e6 6. d3 Nge7 7. O-O O-O 8. Bb3 d5 9. Qe1 Na5 10.
exd5 Nxb3 11. axb3 exd5 12. h3 Nf5 13. g4 Re8 14. Qf2 Nd4 15. f5 gxf5 16. gxf5 Bxf5 17. Nh4 Bxh3 18. Qxf7+ Kh8 19.
Rf4 Qg5+ 20. Kh2 Be6 21. Qxe8 Rxe8 22. Rf8 Rxf8 23. Bxg5 Be5 24. Kh1 Rg8 25. Be7 b6 26. Re1 Re8 27.
Rxe5 Rxe7 28. Nxd5 Bxd5 29. Rxd5 Rf7 30. c3 Ne2 31. Nf5 Rxf5 0-1

[Event "NJSK 2018 Jeugd C"]
[Site "Assen, Netherlands"]
[Date "2018.04.29"]
[Round "1.4"]
[White "Roebers, Eline"]
[Black "Klaren, Duncan"]
[Result "1/2-1/2"]
[TimeControl "40/90m+30sec/move"]
[WhiteElo "1961"]
[BlackElo "1713"]

1. e4 c5 2. a3 g6 3. b4 Bg7 4. c3 Qc7 5. bxc5 Nf6 6. Qc2 e5 7. d4 O-O 8. Bd3 Re8 9. Ne2 b6 10.
cxb6 axb6 11. d5 Ba6 12. O-O Bxd3 13. Qxd3 Na6 14. f3 Nc5 15. Qc2 Rec8 16. Be3 d6 17. Kh1 Na4 18. Rd1 Nd7 19. Qa2 b5 20. Rc1 Qc4 21.
Qxc4 bxc4 22. Nd2 Ndc5 23. Rcb1 Nd3 24. Rb7 Nac5 25. Rb6 Bf8 26. Bxc5 Nxc5 27. Rb4 Bh6 28. Nxc4 Nd3 29. Nxd6 Rd8 30.
Rb6 Be3 31. Nc4 Bxb6 32. Nxb6 Ra6 33. Nc4 Rc8 34. Nd2 Kf8 35. Kg1 Ke7 36. Kf1 Rb8 37. Nc4 Ra4 38. Ne3 Rb3 39. Rd1 Nb2 40.
d6+ Kd7 41. Rd5 Raxa3 42. Ng4 Nc4 43. Nxe5+ Nxe5 44. Rxe5 Kxd6 45. Rd5+ Ke7 46. Rd2 Rb7 47. Kf2 Rd7 48. Rxd7+ Kxd7 49.
Ke3 Kd6 50. Kd3 Kc5 51. g3 Ra1 52. h4 Rf1 53. Ke3 Kc4 54. f4 Ra1 55. Kd2 f6 56. Ke3 Ra2 57. e5 fxe5 58. fxe5 Kd5 59.
Nc1 Ra1 60. Nd3 Ra3 61. Kd2 Ke4 62. Nf4 Kxe5 63. h5 g5 64. Nh3 h6 65. Nf2 Ra2+ 66. Ke3 Kf5 67. g4+ Ke6 68. Nd3 Rc2 69.
Kd4 Rg2 70. Ne5 Rd2+ 71. Ke3 Rc2 72. Kd4 Rxc3 73. Nf7 Rc7 74. Nxh6 Ra7 75. Ke4 Ra4+ 76. Kf3 Ke5 77. Nf7+ Kf6 78.
Nd6 Ke5 79. Nf7+ Kf6 80. Nd6 1/2-1/2

[Event "NJSK 2018 Jeugd C"]
[Site "Assen, Netherlands"]
[Date "2018.04.29"]
[Round "1.5"]
[White "Labruyere, Roger"]
[Black "Nguyen, Lucas"]
[Result "1/2-1/2"]
[TimeControl "40/90m+30sec/move"]
[WhiteElo "1665"]
[BlackElo "1919"]

1. d4 d5 2. Bf4 Nf6 3. Nf3 e6 4.
e3 Nbd7 5. Nbd2 Be7 6. Bd3 a6 7. h3 c5 8. c3 b5 9. O-O O-O 10. Re1 c4 11. Bc2 a5 12. Qe2 b4 13. Bh2 a4 14.
e4 a3 15. Rab1 axb2 16. cxb4 c3 17. exd5 cxd2 18. Qxd2 Nxd5 19. Rxb2 Qb6 20. Qd3 f5 21. a3 Qa6 22. Qxa6 Rxa6 23.
Bb3 N7b6 24. Ra2 Nc3 25. Rc2 Nbd5 26. Rec1 Bd7 27. Ne5 Ba4 28. Rxc3 Nxc3 29. Rxc3 Bxb3 30. Rxb3 Rfa8 31. Bf4 Rxa3 32.
Rxa3 Rxa3 33. Nc6 Bf6 34. Be5 Bxe5 35. dxe5 Ra1+ 36. Kh2 Rb1 37. Nd8 Rxb4 38. Nxe6 Kf7 39. Nd8+ Ke8 40. Ne6 g6 41.
Nc7+ Kd7 42. Nd5 Rd4 43. Nf6+ Ke6 44. Nxh7 Kxe5 45. Ng5 Ra4 46. g3 f4 47. g4 Kd4 48. Nf3+ Kd3 49. Kg2 Ke2 50.
Ng1+ Kd3 51. Nf3 Ra5 52. h4 Rb5 53. Ne1+ Ke4 54. Nf3 Rb8 55. Ng5+ Ke5 56. Nf3+ Kf6 57. Kh2 Rb3 58. Kg2 Ra3 59.
Nd2 Kg7 60. Nf3 Kh6 61. Nd2 Kg7 62. Nf3 Kh7 63. Ng5 Kh6 1/2-1/2

[Event "NJSK 2018 Jeugd C"]
[Site "Assen, Netherlands"]
[Date "2018.04.29"]
[Round "1.6"]
[White "Kutchoukov, Daniel"]
[Black "Van der Schaaf, Tristan"]
[Result "1-0"]
[TimeControl "40/90m+30sec/move"]
[WhiteElo "1902"]
[BlackElo "1647"]

1. e4 c6 2. d4 d5 3. e5 Bf5 4.
h4 a6 5.
g4 Bd7 6. f4 e6 7. h5 Qc8 8. Bd3 c5 9. c3 Nc6 10. Ne2 b5 11. O-O cxd4 12. Nxd4 Bc5 13. Be3 Nge7 14. Nd2 g6 15.
h6 Rg8 16. N2f3 Rh8 17. Qe2 Ng8 18. f5 gxf5 19. gxf5 exf5 20. Nh4 Nxe5 21. Bf4 Ne7 22. Bxe5 Rg8+ 23. Kh1 Bxd4 24. cxd4 Rg4 25.
Bf6 Be6 26. Bxe7 Kxe7 27. Nxf5+ 1-0

[Event "NJSK 2018 Jeugd C"]
[Site "Assen, Netherlands"]
[Date "2018.04.29"]
[Round "1.7"]
[White "Catalan, Ciro"]
[Black "Maters, Arthur"]
[Result "1/2-1/2"]
[TimeControl "40/90m+30sec/move"]
[WhiteElo "1503"]
[BlackElo "1895"]

1. d4 f5 2. c4 Nf6 3. g3 e6 4. Nf3 d5 5. Bg2 c6 6. O-O Bd6 7. Nbd2 O-O 8. Qc2 Bd7 9. Ne5 Be8 10.
Ndf3 Bh5 11. Re1 Nbd7 12. Qb3 Rb8 13. Bd2 Qe7 14. Rac1 Ne4 15. Nxd7 Qxd7 16. Bb4 Bxb4 17. Qxb4 Bxf3 18.
Bxf3 f4 19. Kg2 Ng5 20. Qc3 Rf6 21. h4 Nxf3 22. exf3 Qf7 23. cxd5 exd5 24. Qd3 Rf8 25. Rc3 Qc7 26. Qe2 Qf7 27.
Rb3 b6 28. Qd3 c5 29. dxc5 bxc5 30. Ra3 c4 31. Qd1 Qb7 32. Qd2 d4 33. Qxd4 fxg3 34. Ree3 gxf2 35. Kxf2 Qb6 36. Qxb6 axb6 37.
Ra7 R6f7 38. Rea3 Rd8 39. Ke3 Rxa7 40. Rxa7 Rd3+ 41. Ke2 Rd6 42. Rc7 b5 43. Rb7 Rd5 44. Ke3 Rh5 45. a3 Kf8 46.
Kf2 Rc5 47. Ke2 c3 48. bxc3 Rxc3 49. Rxb5 Rxa3 50. Kf2 Kf7 51. Rb6 Ra2+ 52. Kg3 Re2 53. Kf4 Re6 54. Rb5 Rd6 55. Ra5 Re6 56.
Kg4 Re1 57. Ra6 Rg1+ 58. Kf4 g6 59. Ra7+ Kg8 60. Rb7 Ra1 61. Kg5 Ra5+ 62. Kg4 Rf5 63. Rc7 Rf7 64. Rc6 Kg7 65. Rb6 Kh6 66.
Rb5 Ra7 67. Rc5 Kg7 1/2-1/2

[Event "NJSK 2018 Jeugd C"]
[Site "Assen, Netherlands"]
[Date "2018.04.29"]
[Round "1.8"]
[White "Van der Hagen, Loek"]
[Black "Van Foreest, Nanne"]
[Result "1/2-1/2"]
[TimeControl "40/90m+30sec/move"]
[WhiteElo "1815"]
[BlackElo "1482"]

1. e4 e5 2. Nf3 Nc6 3. Bb5 Nf6 4. d3 Bc5 5. Nbd2 d5 6. exd5 Qxd5 7. Bc4 Qd6 8. Nb3 Bb6 9. Be3 Bxe3 10.
fxe3 O-O 11. O-O a6 12. d4 e4 13. Ng5 h6 14. Rxf6 gxf6 15. Nxe4 Qe7 16. Qf3 f5 17. Ng3 Re8 18.
Re1 Qg5 19. Re2 Qg4 20. Qf2 Ne5 21. Nd2 Nxc4 22. Nxc4 f6 23. e4 f4 24. Nf1 b5 25. Ncd2 Bb7 26. h3 Qg5 27. Nf3 Qg6 28.
e5 fxe5 29. Nxe5 Qg5 30. Nh2 Re7 31. Nhg4 h5 32. h4 Qg7 33. Nh2 c5 34. c3 Rae8 35. Qxf4 cxd4 36. cxd4 Rf8 37. Qd2 Rd8 38.
Nhf3 Bxf3 39. Nxf3 Rxe2 40. Qxe2 Qh6 41. Ng5 Qg6 42. Qf3 Rf8 43. Qd5+ Kh8 44. Qd7 Rf4 45. Qc8 Qg8 46. Qc6 Qf8 47.
Nf3 Rg4 48. Qd5 Qg7 49. Qxh5 Kg8 50. Qe8+ Kh7 51. Ng5 Rxg5 52. hxg5 Qxd4+ 53. Kh2 Qh4 54. Kg1 Qd4+ 55. Kf1 Qf4+ 56.
Ke1 Qc1+ 57. Kf2 Qxb2+ 58. Qe2 Qd4+ 59. Kf3 Qc3+ 60. Qe3 Qa5 61. Qe4 Kg7 62. Qe5+ Kf8 63. Qd6+ Kg8 64. Qe6+ Kf8 65.
Qf5+ Kg8 66. Qd5+ Kf8 67. Qc5+ Kg8 68. a3 Qa4 69. Qd5+ Kf8 70. Qd6+ Kg8 71. Qe6+ Kf8 72. Qf6+ Kg8 73.
Qg6+ Kf8 74. Qf5+ Kg8 75. Qg6+ Kf8 76. Qh6+ Kg8 77. Qe6+ Kf8 78. Qc8+ Kf7 79. Qd7+ 1/2-1/2

[Event "NJSK 2018 Jeugd C"]
[Site "Assen, Netherlands"]
[Date "2018.04.29"]
[Round "1.9"]
[White "Torensma, Christian"]
[Black "Cchung, Nyuk Lyn"]
[Result "0-1"]
[TimeControl "40/90m+30sec/move"]
[WhiteElo "1455"]
[BlackElo "1796"]

1. e4 c5 2. Nf3 d6 3. d4 cxd4 4.
Nxd4 Nf6 5. Nc3 a6 6. Be2 e5 7. Nb3 Be7 8. Be3 Be6 9. O-O Qc7 10. Qd2 O-O 11. f3 Nbd7 12. a4 Rac8 13.
a5 Rfd8 14. Rfc1 Qc6 15. Rd1 Nc5 16. Nxc5 dxc5 17. Qe1 h6 18. Qg3 Kh8 19. Qf2 Nh5 20. g3 Nf6 21. Bf1 Kg8 22. Bg2 Rd7 23.
Rxd7 Qxd7 24. Na4 Qc6 25. Nb6 Rd8 26. Bf1 Bf8 27. Qe2 Be7 28. Qf2 Nd7 29. Nxd7 Rxd7 30. Qe1 c4 31. Bb6 Bc5+ 32.
Bxc5 Qxc5+ 33. Kh1 Qd4 34. c3 Qd2 35. Qxd2 Rxd2 36. Rb1 Kf8 37. Bg2 Ke7 38. Kg1 Kd7 39. f4 f6 40. f5 Bf7 41.
Bf3 Kc6 42. h4 Kb5 43. Kf1 Kxa5 44. Bd1 b5 45. h5 Kb6 46. g4 a5 47. Ke1 Rh2 48. Be2 a4 49. Bd1 0-1

[Event "NJSK 2018 Jeugd C"]
[Site "Assen, Netherlands"]
[Date "2018.04.29"]
[Round "1.10"]
[White "Shakhverdian, William"]
[Black "Tiggelman, Vincent"]
[Result "1-0"]
[TimeControl "40/90m+30sec/move"]
[WhiteElo "1777"]
[BlackElo "1394"]

1. e4 c6 2. d4 d5 3. Nc3 dxe4 4. Nxe4 Bf5 5. Ng3 Bg6 6. Nf3 Nd7 7. h4 h6 8. h5 Bh7 9. Bd3 Bxd3 10.
Qxd3 e6 11. Bd2 Ngf6 12. Qe2 Be7 13. Ne5 O-O 14. O-O Re8 15. Rad1 Qc7 16. Rfe1 Rad8 17. c3 Qa5 18. a3 Qb6 19.
b4 a6 20. Nf1 Qb5 21. c4 Qb6 22. Be3 Qc7 23. f4 Ne4 24. Qd3 Ndf6 25. g4 Nd6 26. Qe2 Nde4 27. Qd3 Nd6 28. Ng3 Nxg4 29.
Nxg4 Bh4 30. Bf2 Bxg3 31. Qxg3 Nf5 32. Nf6+ Kh8 33. Nxe8 1-0

[Event "NJSK 2018 Jeugd C"]
[Site "Assen, Netherlands"]
[Date "2018.04.29"]
[Round "1.11"]
[White "Albers, Sasa"]
[Black "Bartels, Vladimir"]
[Result "1-0"]
[TimeControl "40/90m+30sec/move"]
[WhiteElo "1336"]
[BlackElo "1757"]

1. e4 e5 2. Bc4 Nf6 3. d3 Bc5 4. Nc3 Nc6 5. Nge2 Na5 6. Bb3 Nxb3 7. axb3 c6 8. Na4 Be7 9. Be3 Ng4 10.
O-O d5 11. Bc5 Bxc5 12. Nxc5 Qe7 13. Na4 d4 14. Nb6 Rb8 15. Nxc8 Rxc8 16. h3 Nf6 17. Rxa7 h5 18. Ng3 g6 19.
Qa1 h4 20. Ra8 Qd7 21. Rxc8+ Qxc8 22. Qa5 c5 23. Qb5+ Qd7 24. Qxd7+ Kxd7 25. Ne2 Ra8 26. Rb1 g5 27. Kf1 Nh5 28.
Ng1 f6 29. Nf3 Ng7 30. Nh2 Ne6 31. g3 Ng7 32. Kg2 hxg3 33. fxg3 Ne6 34. Ng4 Ke7 35. Rf1 Ra2 36. Nxf6 Rxb2 37.
Nd5+ Kd6 38. Rf2 Nc7 39. Nxc7 Kxc7 40. g4 Kd6 41. h4 gxh4 42. g5 Ke7 43. g6 Ra2 44. Kh3 Ra6 45. Rg2 Ra8 46.
g7 Kf7 47. Kxh4 Rg8 48. Kh5 Rxg7 49. Rxg7+ Kxg7 50. Kg5 Kf7 51. Kf5 b6 52. Kxe5 Ke7 53. b4 cxb4 54. Kxd4 b5 55. Kc5 b3 56.
cxb3 Ke6 57. Kxb5 1-0

[Event "NJSK 2018 Jeugd C"]
[Site "Assen, Netherlands"]
[Date "2018.04.29"]
[Round "1.12"]
[White "Boghossian, Wahe"]
[Black "Franke, Daniel"]
[Result "1-0"]
[TimeControl "40/90m+30sec/move"]
[WhiteElo "1748"]
[BlackElo "1298"]

1. e4 c5 2. Nf3 Nc6 3. d4 cxd4 4.
Nxd4 e5 5. Nb3 Nf6 6. Bd3 Be7 7. O-O O-O 8. Nc3 b6 9. Re1 Bb7 10. a3 Qc7 11. Bg5 Rad8 12. Qd2 Rfe8 13. Rad1 Rc8 14.
Nb5 Qb8 15. Bf1 d6 16. Bxf6 Bxf6 17. Qxd6 Qxd6 18. Nxd6 Rb8 19. Nxe8 Rxe8 20. c3 a6 21. Rd7 Rb8 22. Bc4 Nd8 23.
Rd6 b5 24. Bf1 Nc6 25. Nc5 Ba8 26.
Nd7 Be7 27. Rxc6 Rd8 28. Rc7 Bd6 29. Ra7 Bc6 30. Rxa6 Bxe4 31. Rxd6 1-0

[Event "NJSK 2018 Jeugd C"]
[Site "Assen, Netherlands"]
[Date "2018.04.30"]
[Round "2.1"]
[White "Van Foreest, Machteld"]
[Black "Shakhverdian, William"]
[Result "1-0"]
[TimeControl "40/90m+30sec/move"]
[WhiteElo "2132"]
[BlackElo "1777"]

1. e4 e5 2. Nf3 Nc6 3. Bc4 Bc5 4. c3 Nf6 5. d3 O-O 6. Bb3 d6 7. Bg5 Be6 8. Nbd2 h6 9. Bh4 a5 10.
Nf1 g5 11. Bg3 Bb6 12. Bc2 Bg4 13. h4 Bxf3 14. gxf3 Kg7 15. Qd2 Nd7 16. O-O-O f6 17. Ne3 Ne7 18. Rdg1 Nc5 19. f4 exf4 20.
Bxf4 Ne6 21. Bh2 Kf7 22. Bb3 a4 23. Bc4 c6 24. Ng4 Rh8 25. Nxh6+ Rxh6 26. hxg5 fxg5 27. Qxg5 Qh8 28. Bxd6 Ng8 29.
Qf5+ Qf6 30. Bxe6+ 1-0

[Event "NJSK 2018 Jeugd C"]
[Site "Assen, Netherlands"]
[Date "2018.04.30"]
[Round "2.2"]
[White "Cchung, Nyuk Lyn"]
[Black "Elgersma, Onno"]
[Result "1/2-1/2"]
[TimeControl "40/90m+30sec/move"]
[WhiteElo "1796"]
[BlackElo "2060"]

1. e4 e6 2. d4 d5 3. Nc3 Nf6 4. e5 Nfd7 5. f4 c5 6. Nf3 Qb6 7. Na4 Qa5+ 8. Nc3 Nc6 9. Be3 Qb6 10.
Na4 Qa5+ 11. c3 cxd4 12. b4 Qc7 13. Nxd4 a6 14. a3 Be7 15. Bd3 b5 16. Nb2 Nb6 17. O-O g6 18. Qf3 Bb7 19.
Rac1 Rc8 20. Qh3 Nc4 21. Nxc4 bxc4 22. Bc2 Nxd4 23. Bxd4 Qc6 24. a4 a5 25. bxa5 Bc5 26. Qe3 Bxd4 27.
Qxd4 Ke7 28. Rb1 Ba8 29. Rb5 Rc7 30. Rfb1 Rhc8 31. Kf2 Qa6 32. Bd1 Ke8 33. Qb6 Rc6 34. Qd4 R6c7 35. Qb6 Rc6 36.
Qxa6 Rxa6 37. Bf3 Bc6 38. Rc5 Kd7 39. Bd1 Kc7 40. h4 Rca8 41. Rbb5 h5 42. Ke3 R8a7 43. Kd2 Ra8 44. Kc1 R8a7 45.
Kb2 Ra8 46. Ka3 R8a7 47. Kb4 Ra8 48. Ka3 R8a7 49. Kb2 Ra8 50. Kc1 R8a7 51. Kd2 Ra8 52. Ke3 R8a7 53. Kf2 Ra8 54. g4 hxg4 55.
Kg3 R8a7 56. Kxg4 Kd8 57. Rb6 Bd7 58. Rxa6 Rxa6 59. Kg5 Ke7 60. h5 gxh5 61. Kxh5 f6 62. Kg4 Bc6 63. Bc2 fxe5 64.
fxe5 Kd7 65. Kf4 Ra8 66. Ke3 Ra6 67. Bd1 Kc7 68. Bg4 Kd7 69. Kd4 Ke7 1/2-1/2

[Event "NJSK 2018 Jeugd C"]
[Site "Assen, Netherlands"]
[Date "2018.04.30"]
[Round "2.3"]
[White "Pham, Khoi"]
[Black "Boghossian, Wahe"]
[Result "1/2-1/2"]
[TimeControl "40/90m+30sec/move"]
[WhiteElo "1983"]
[BlackElo "1748"]

1. e4 c5 2. Nf3 d6 3. d4 cxd4 4. Nxd4 Nf6 5. Nc3 Nc6 6. Bg5 e6 7. Qd2 h6 8. Bh4 Be7 9. f3 Nxe4 10.
Bxe7 Nxd2 11. Bxd8 Nxf1 12. Bc7 Ne3 13. Nxc6 bxc6 14. Kf2 Nf5 1/2-1/2

[Event "NJSK 2018 Jeugd C"]
[Site "Assen, Netherlands"]
[Date "2018.04.30"]
[Round "2.4"]
[White "Albers, Sasa"]
[Black "Kutchoukov, Daniel"]
[Result "0-1"]
[TimeControl "40/90m+30sec/move"]
[WhiteElo "1336"]
[BlackElo "1902"]

1. e4 c6 2. d4 d5 3. e5 Bf5 4. Bd3 Bxd3 5. Qxd3 e6 6. f4 c5 7. c3 Nc6 8. Ne2 g6 9. Nd2 h5 10.
Nf3 Nh6 11. O-O Nf5 12. Be3 c4 13. Qd2 Be7 14. Ng5 O-O 15. Bf2 b5 16. h3 h4 17. g4 hxg3 18. Bxg3 Kg7 19. Kg2 b4 20.
Rh1 bxc3 21. bxc3 Rb8 22. h4 Qb6 23. h5 Qb2 24. Qxb2 Rxb2 25. Kf3 Rxe2 26. Bf2 Rb2 27. hxg6 Bxg5 28.
Rag1 fxg6 29. Rxg5 Rxa2 30. Rhg1 Nce7 31. Rh5 Rh8 32. Rxh8 Kxh8 33. Rh1 Kg7 34. Rb1 Rc2 35. Be1 a5 36.
Rb7 Rc1 37. Bd2 Ra1 38. Be3 Ra3 39. Bd2 Nxd4+ 40. Kg4 Ndc6 41. Be1 Rb3 42. Rc7 a4 43. Bh4 Kf8 44. Kg5 a3 45. Kf6 a2 46.
Kxe6 a1=Q 47. Bxe7+ Nxe7 48. Rxe7 Rb6+ 49. Kd7 Qa7+ 50. Kc8 Rb8# 0-1

[Event "NJSK 2018 Jeugd C"]
[Site "Assen, Netherlands"]
[Date "2018.04.30"]
[Round "2.5"]
[White "Van Foreest, Nanne"]
[Black "Roebers, Eline"]
[Result "1-0"]
[TimeControl "40/90m+30sec/move"]
[WhiteElo "1482"]
[BlackElo "1961"]

1. e4 c6 2. d4 d5 3. exd5 cxd5 4. c4 Nf6 5. Nc3 Nc6 6. Nf3 g6 7. cxd5 Nxd5 8. Qb3 Nxc3 9. Bc4 e6 10.
bxc3 Be7 11. Bh6 Bd7 12. Qc2 Qc7 13. O-O Rc8 14. d5 Nb4 15. Qb2 Qxc4 16. cxb4 Rg8 17. dxe6 Bxe6 18. b5 Rc5 19.
a4 Qg4 20. h3 Qh5 21. Be3 Rd5 22. Rfd1 Rxd1+ 23. Rxd1 Bxh3 24. gxh3 Qxf3 25. Qc1 Qf5 26. Qc7 f6 27. Qxb7 Qxh3 28.
Rc1 Qg4+ 29. Kf1 Qh3+ 30. Qg2 Qxg2+ 31. Kxg2 Kd7 32. Bxa7 Rc8 33. Rd1+ Kc7 34. b6+ Kc6 35. a5 Bb4 36.
a6 Bd6 37. Rc1+ Kd7 38. Rd1 Ke7 39. b7 Rd8 40. Bb6 Re8 41. Rxd6 Kxd6 42. a7 1-0

[Event "NJSK 2018 Jeugd C"]
[Site "Assen, Netherlands"]
[Date "2018.04.30"]
[Round "2.6"]
[White "Nguyen, Lucas"]
[Black "Catalan, Ciro"]
[Result "1-0"]
[TimeControl "40/90m+30sec/move"]
[WhiteElo "1919"]
[BlackElo "1503"]

1. e4 c5 2. Nf3 d6 3. d4 cxd4 4. Nxd4 Nf6 5. Nc3 a6 6. f3 e5 7. Nb3 h5 8. Be3 Be6 9. Qd2 Nbd7 10.
O-O-O Be7 11. h3 b5 12. Be2 b4 13. Nd5 Bxd5 14. exd5 Nb6 15. Bxb6 Qxb6 16. Qd3 Nd7 17. Kb1 Bf6 18.
Rhe1 Bh4 19. Rf1 g6 20. f4 Be7 21. Nd2 Qc7 22. Nc4 Bf6 23. g4 exf4 24. Rxf4 Ne5 25. Qe4 Bg7 26. Rdf1 O-O-O 27. Nxe5 Bxe5 28. Bxa6+ Kb8 29. Rxf7 Qa5 30. Qc4 Qc5 31. Rb7+ Ka8 32. Qxb4 Qxb4 33. Rxb4 Rd7 34. Bb5 Re7 35.
Bc6+ Ka7 36. Rf3 Bc3 37. bxc3 1-0

[Event "NJSK 2018 Jeugd C"]
[Site "Assen, Netherlands"]
[Date "2018.04.30"]
[Round "2.7"]
[White "Maters, Arthur"]
[Black "Labruyere, Roger"]
[Result "1-0"]
[TimeControl "40/90m+30sec/move"]
[WhiteElo "1895"]
[BlackElo "1665"]

1. e4 c6 2. Nc3 d5 3. Nf3 Bg4 4. h3 Bxf3 5. Qxf3 Nf6 6. d3 e5 7. Bd2 Be7 8. Qg3 Nbd7 9. Be2 a5 10.
O-O O-O 11. Bh6 Ne8 12. Bc1 d4 13. Nd1 Bh4 14. Qh2 Nd6 15. f4 Bf6 16. Nf2 Qc7 17. Bg4 Rfe8 18. Bxd7 Qxd7 19. Ng4 h5 20.
Nxf6+ gxf6 21. Qg3+ Kf8 22. fxe5 Rxe5 23. Rxf6 Re6 24. Bh6+ Ke7 25. e5 Ne8 26. Rxf7+ Kxf7 27. Rf1+ Rf6 28.
exf6 Ra6 29. Qe5 Rb6 30. Qxh5+ Ke6 31. Re1+ Kd6 32. Bf4# 1-0

[Event "NJSK 2018 Jeugd C"]
[Site "Assen, Netherlands"]
[Date "2018.04.30"]
[Round "2.8"]
[White "Klaren, Duncan"]
[Black "Van der Hagen, Loek"]
[Result "1-0"]
[TimeControl "40/90m+30sec/move"]
[WhiteElo "1713"]
[BlackElo "1815"]

1. e4 c5 2. Nf3 d6 3. d4 cxd4 4. Nxd4 Nf6 5. Nc3 Nc6 6. Bg5 e6 7. Qd2 Be7 8. O-O-O O-O 9. f4 Nxd4 10.
Qxd4 Qa5 11. Kb1 Rd8 12. Be2 Bd7 13. Qd2 Qc5 14. g4 Be8 15. f5 Rac8 16. Be3 Qb4 17. a3 Qa5 18. g5 Nd7 19.
Rhf1 Bf8 20. g6 d5 21. fxe6 fxe6 22. Bg4 Bxa3 23. Bxe6+ Kh8 24. Bxd5 Bxg6 25. Bd4 Bc5 26. h4 Bxd4 27.
Qxd4 Qc5 28. Qd2 Nf6 29. Qg5 Rf8 30. Rg1 b5 31. h5 Nxh5 32. Rh1 b4 33. Rxh5 Bxh5 34. Qxh5 bxc3 35. Rh1 h6 36.
Qg6 Qe3 37. Rg1 Rc7 38. e5 Qxe5 39. Be4 Kg8 40. Bd3 Rf4 41. Qh7+ Kf8 42. Qh8+ Ke7 43. Rxg7+ Kd6 44. Qd8+ Kc6 45.
Rg6+ Kc5 46. Qb8 Rf6 47. Rxf6 Qxf6 48. Qxc7+ Kd5 49. Qc4+ Kd6 50. Qa6+ Ke5 51. Qxa7 cxb2 52. Qe3+ Kd5 53.
Qe4+ Kc5 54. Qc4+ Kd6 55. Qa6+ Ke5 56. Qxf6+ Kxf6 57. Kxb2 h5 58. c4 h4 59. Bf1 Ke5 60. Kc3 Ke4 61.
c5 Kf3 62. c6 Kf2 63. Bh3 1-0

[Event "NJSK 2018 Jeugd C"]
[Site "Assen, Netherlands"]
[Date "2018.04.30"]
[Round "2.9"]
[White "Bartels, Vladimir"]
[Black "Van der Schaaf, Tristan"]
[Result "1-0"]
[TimeControl "40/90m+30sec/move"]
[WhiteElo "1757"]
[BlackElo "1647"]

1. e4 c6 2. Nc3 d5 3. Nf3 Bg4 4. h3 Bh5 5. exd5 cxd5 6. Bb5+ Nc6 7. g4 Bg6 8. Ne5 Qd6 9. d4 a6 10.
Bxc6+ bxc6 11. Bf4 h6 12. Qf3 Bxc2 13. Nxf7 Qe6+ 14. Ne5 g5 15. Bg3 Nf6 16. Qe2 Bh7 17. f3 Bg7 18. Na4 Qd6 19.
Nc5 a5 20. Bh2 Qb8 21. Nxc6 1-0

[Event "NJSK 2018 Jeugd C"]
[Site "Assen, Netherlands"]
[Date "2018.04.30"]
[Round "2.10"]
[White "Tiggelman, Vincent"]
[Black "Bleeker, Kasper"]
[Result "0-1"]
[TimeControl "40/90m+30sec/move"]
[WhiteElo "1394"]
[BlackElo "1737"]

1. e4 e5 2. Nc3 Nc6 3.
Bc4 Nf6 4. d3 d6 5. f4 Bg4 6. Nf3 Nd4 7. O-O Be7 8. h3 Nxf3+ 9. Rxf3 Bxf3 10. Qxf3 Qd7 11. Be3 O-O 12. f5 c6 13.
Qg3 d5 14. exd5 cxd5 15. Nxd5 Nxd5 16. Bxd5 Qxd5 17. Bh6 Qd4+ 18. Kh1 Bf6 19. Bxg7 Bh4 20. Bxe5+ Bxg3 21. Bxd4 Rfe8 22. a3 Re2 23.
c4 Rae8 24. Bc3 Rc2 25. f6 Ree2 26. Rf1 Rxg2 27. Rf5 Rh2 28. Kg1 Rc1+ 29. Rf1 Rxf1+ 0-1

[Event "NJSK 2018 Jeugd C"]
[Site "Assen, Netherlands"]
[Date "2018.04.30"]
[Round "2.11"]
[White "Yeh, Timo"]
[Black "Torensma, Christian"]
[Result "1-0"]
[TimeControl "40/90m+30sec/move"]
[WhiteElo "1729"]
[BlackElo "1455"]

1. c4 f5 2. d4 e6 3. Nf3 Nf6 4. Nc3 b6 5. Bf4 Bb4 6. e3 Bb7 7. Be2 Ne4 8. Qb3 a5 9. O-O Bxc3 10.
bxc3 d6 11. c5 Bd5 12. c4 a4 13. Qb2 a3 14. Qb3 Bc6 15. cxb6 cxb6 16. c5 d5 17. cxb6 g5 18. Bc7 Qc8 19.
Rfc1 Qb7 20. Ne5 O-O 21. Bb5 Bxb5 22. Qxb5 1-0

[Event "NJSK 2018 Jeugd C"]
[Site "Assen, Netherlands"]
[Date "2018.04.30"]
[Round "2.12"]
[White "Franke, Daniel"]
[Black "Brandsma, Romayn"]
[Result "0-1"]
[TimeControl "40/90m+30sec/move"]
[WhiteElo "1298"]
[BlackElo "1715"]

1. d4 Nf6 2. c4 e6 3. Nf3 b6 4.
Nc3 Bb4 5. a3 Bxc3+ 6. bxc3 Bb7 7. e3 O-O 8. Bd3 d6 9. O-O Nbd7 10. Bb2 c5 11. Re1 Rc8 12. e4 Re8 13. Rc1 Qc7 14.
Nd2 e5 15. d5 Nf8 16. Nf1 Ng6 17. g3 Rb8 18. Rb1 Bc8 19. Bc1 h6 20. Ne3 Ne7 21. Qc2 a6 22. Be2 Bd7 23. Bd2 b5 24.
Bd3 Rb7 25. Rb2 Reb8 26. Reb1 bxc4 27. Nxc4 Rxb2 28. Rxb2 Rxb2 29. Qxb2 Bb5 30. Qb1 Nxe4 31. Bxe4 Bxc4 32. Bd3 Bxd3 33.
Qxd3 c4 34. Qf3 Qc5 35. Qg4 Kh8 36. Qd7 Qxd5 37. Bxh6 gxh6 38. Qxe7 Kg7 39. Qh4 Qd1+ 40. Kg2 d5 41. f3 Qe2+ 42.
Kh3 Qxf3 43. Qd8 Qf1 44. Kg4 Qd1+ 45. Kh4 Qf3 46. Qc8 Qe4 47. Kh3 d4 48. Qxc4 Qf5 49. Kh4 d3 50. Qd5 Kg6 51.
g4 Qf2 52. Kh3 Qe3 53. Kh4 d2 54. Qh1 Qe1 0-1

[Event "NJSK 2018 Jeugd C"]
[Site "Assen, Netherlands"]
[Date "2018.05.01"]
[Round "3.1"]
[White "Kutchoukov, Daniel"]
[Black "Van Foreest, Machteld"]
[Result "1/2-1/2"]
[TimeControl "40/90m+30sec/move"]
[WhiteElo "1902"]
[BlackElo "2132"]

1. e4 e5 2. Nf3 Nc6 3. Nc3 Nf6 4.
h3 Bc5 5. Nxe5 Nxe5 6. d4 Bd6 7. dxe5 Bxe5 8. Bd3 d5 9. exd5 Nxd5 10. O-O Be6 11. Qh5 Qd6 12. Nb5 Bh2+ 13. Kh1 Qe5 14.
Qh4 Nf4 15. Bxf4 Qxf4 16. Qxf4 Bxf4 17. g3 a6 18. Nd4 Bd5 19. Kg1 Bg5 20. Rfe1+ Kf8 21. c4 Bf6 22. cxd5 Bxd4 23. Re2 Re8 24.
Rae1 Rxe2 1/2-1/2